 Dungeon Sprint DCSS version 0.24.0-125-gc4c63601f3 (webtiles) character file.

Game seed: 13663329736090328451, levelgen mode: deterministic

1890 Groucho the Unseen (level 8, -4/36 HPs)
             Began as a Spriggan Enchanter on Mar 9, 2020.
             Slain by a hornet (16 damage)
             ... while paralysed by a hornet
             ... in the Dungeon (Sprint I: "Red Sonja").
             The game lasted 00:02:41 (753 turns).

Groucho the Unseen (Spriggan Enchanter)              Turns: 753, Time: 00:02:41

Health: -4/36      AC:  2    Str:  4    XL:     8   Next: 92%
Magic:  23/25      EV:  4    Int: 17    God:
Gold:   320        SH:  0    Dex: 18    Spells: 20/32 levels left

rFire    . . .     SeeInvis +   a - +1 dagger
rCold    . . .     Gourm    .   (shield restricted)
rNeg     . . .     Faith    .   b - +0 robe
rPois    .         Spirit   .   (helmet restricted)
rElec    .         Reflect  .   (no cloak)
rCorr    .         Harm     .   (gloves unavailable)
MR       +....     NoTele   +   (boots unavailable)
Stlth    ++++++....             (no amulet)
HPRegen  0.12/turn              (no ring)
MPRegen  0.19/turn              (no ring)

@: paralysed, very quick
A: very small, unfitting armour, see invisible, herbivore, speed 3, slow
metabolism 2
a: no special abilities


You were in the Dungeon.
You were not hungry.

You visited 1 branch You collected 320 gold pieces.

Inventory:

Hand Weapons
 a - a +1 dagger (weapon)
Armour
 b - a +0 robe (worn)
Wands
 c - a wand of flame (11)
Scrolls
 i - a scroll of identify {unknown}
 k - a scroll of amnesia {unknown}
Potions
 e - a potion of curing
 f - a potion of brilliance {unknown}
 g - a potion of haste
 h - 2 potions of magic
Comestibles
 d - a ration


   Skills:
 - Level 1.1 Short Blades
 + Level 11.8 Dodging
 - Level 15.3 Stealth
 + Level 12.8 Spellcasting
 + Level 13.1 Hexes


You had 20 spell levels left.
You knew the following spells:

 Your Spells              Type           Power        Failure   Level  Hunger
a - Corona                Hex            ######.      1%          1    None
b - Ensorcelled Hibernat  Hex/Ice        ####..       1%          2    None
c - Confuse               Hex            ######..     1%          3    None
d - Dazzling Spray        Conj/Hex       ####..       1%          3    None
e - Tukima's Dance        Hex            ######..     1%          3    None

Your spell library contained the following spells:

 Spells                   Type           Power        Failure   Level  Hunger


Dungeon Overview and Level Annotations

Branches:
Dungeon (1/1)

Altars:
Cheibriados
Dithmenos
Elyvilon
Fedhas
Gozag
Hepliaklqana
Kikubaaqudgha
Makhleb
Okawaru
Qazlal
Ru
Sif Muna
Trog
Uskayaw
Vehumet
Wu Jian
Xom
Yredelemnul
Zin
The Shining One
Jiyva
Lugonu

Shops:
D }


Innate Abilities, Weirdness & Mutations

You are very small and have problems with some larger weapons.
You are too small for most types of armour.
You have supernaturally acute eyesight. (SInv)
You are a herbivore.
You cover ground extremely quickly.
You need to consume almost no food.


Message History

Done waiting.
You open the door.
A hornet comes into view.
The hornet buzzes angrily.
The hornet moves out of view.
Found 54 gold pieces.
The hornet closely misses you.
Found 54 gold pieces.
There is an open door here.
Casting: Ensorcelled Hibernation (safe; 1% risk of failure)
Confirm with . or Enter, or press ? or * to list all spells.
Aiming: Ensorcelled Hibernation (safe; 1% risk of failure)
Press: ? - help, Shift-Dir - straight line, f - hornet
Aim: a hornet (chance to defeat MR: 52%)
The hornet resists with some effort.
The hornet stings you!
You suddenly lose the ability to move!
The hornet stings you!
You feel yourself slow down.
You feel yourself speed up. The hornet stings you!
You die...

##############
.'..#.)'..#__#
.#.)'..#..'..+
###'#####'#__####
#..#...#.####§.####
_####..##.#§§§§§#y§#
____##'#_.'≈§§§§@§§#
.∩...'..._#§§≈§§#$§#
..__##_.#'##+#####+#
___ ##+#.# ## ###


You could see a hornet.

Vanquished Creatures
  2 centaur warriors (D)
  A slime creature (D)
  A yak (D)
  Sigmund (D)
  An ogre (D)
  A jelly (D)
  Ijyb (D)
8 creatures vanquished.

Notes
Turn   | Place    | Note
-------+----------+-------------------------------------------
     0 | D        | Groucho the Spriggan Enchanter began the quest for the Orb.
     0 | D        | Reached XP level 1. HP: 9/9 MP: 5/5
     2 | D        | Noticed Ijyb
    12 | D        | Killed Ijyb
    12 | D        | Reached skill level 7 in Stealth
    12 | D        | Reached skill level 5 in Hexes
    12 | D        | Reached XP level 2. HP: 6/13 MP: 6/8
   387 | D        | Learned a level 2 spell: Ensorcelled Hibernation
   393 | D        | Noticed an ogre
   395 | D        | Killed an ogre
   395 | D        | Reached skill level 10 in Stealth
   395 | D        | Reached XP level 3. HP: 16/16 MP: 8/11
   395 | D        | Reached XP level 4. HP: 21/21 MP: 9/13
   434 | D        | Learned a level 3 spell: Confuse
   438 | D        | Learned a level 3 spell: Dazzling Spray
   442 | D        | Learned a level 3 spell: Tukima's Dance
   443 | D        | Noticed Sigmund
   445 | D        | Killed Sigmund
   445 | D        | Reached skill level 13 in Stealth
   445 | D        | Reached XP level 5. HP: 24/24 MP: 14/16
   459 | D        | Found a shimmering blue altar of Sif Muna.
   460 | D        | Found an ornate altar of the Wu Jian Council.
   461 | D        | Found a radiant altar of Vehumet.
   465 | D        | Reached XP level 6. HP: 28/28 MP: 18/18
   502 | D        | Found Kastu's Gadget Emporium.
   502 | D        | Found an ancient bone altar of Kikubaaqudgha.
   502 | D        | Found a hazy altar of Hepliaklqana.
   502 | D        | Found a stormy altar of Qazlal.
   502 | D        | Found a hide-covered altar of Uskayaw.
   502 | D        | Found a blossoming altar of Fedhas.
   502 | D        | Found a bloodstained altar of Trog.
   502 | D        | Found an iron altar of Okawaru.
   502 | D        | Found a basalt altar of Yredelemnul.
   502 | D        | Found a glowing golden altar of the Shining One.
   502 | D        | Found a snail-covered altar of Cheibriados.
   502 | D        | Found a sacrificial altar of Ru.
   502 | D        | Found a glowing silver altar of Zin.
   502 | D        | Found a shadowy altar of Dithmenos.
   502 | D        | Found a white marble altar of Elyvilon.
   502 | D        | Noticed a yak
   503 | D        | Found an opulent altar of Gozag.
   504 | D        | Killed a yak
   504 | D        | Reached skill level 15 in Stealth
   515 | D        | Found a burning altar of Makhleb.
   515 | D        | Found a shimmering altar of Xom.
   515 | D        | Noticed a slime creature
   516 | D        | Found a viscous altar of Jiyva.
   516 | D        | Found a corrupted altar of Lugonu.
   518 | D        | Killed a slime creature
   518 | D        | Reached skill level 5 in Dodging
   518 | D        | Reached skill level 10 in Spellcasting
   518 | D        | Reached skill level 10 in Hexes
   518 | D        | Reached XP level 7. HP: 32/32 MP: 19/21
   532 | D        | Noticed a centaur warrior
   532 | D        | Noticed a centaur warrior
   533 | D        | Killed a centaur warrior
   533 | D        | Reached XP level 8. HP: 36/36 MP: 21/24
   545 | D        | Killed a centaur warrior
   750 | D        | Noticed a hornet
   752 | D        | Paralysed by a hornet for 2 turns
   753 | D        | Slain by a hornet

Levels and vault maps discovered:
D:        dungeon_sprint_1 [red_sonja_temple_1, red_sonja_temple_small_1]

Skill      XL: |  1  2  3  4  5  6  7  8 |
---------------+-------------------------+-----
Stealth        | 7 10 13 15 | 15.3
Spellcasting   | 4 6 7 8 10 11 12 | 12.8
Hexes          | 5 6 8 10 12 13 | 13.1
Dodging        | 5 9 11 | 11.8
Short Blades   | |  1.1

Action                   |  1- 3 |  4- 6 |  7- 9 || total
-------------------------+-------+-------+-------++-------
Melee: Dagger            |     7 |     4 |     3 ||    14
 Cast: Ensorcelled Hiber |       |       |     7 ||     7
  Use: Potion            |     1 |       |     1 ||     2
       Scroll            |       |       |     1 ||     1
 Stab: Sleeping          |     1 |     4 |     2 ||     7
Dodge: Dodged            |     3 |       |     8 ||    11
